 Dungeon Sprint DCSS version 0.31-a0-986-g5e6e4ef867 (webtiles) character file.

Game seed: 18193557833145104351

329 rocky1 the Martial Artist (level 6, -6/38 HPs)
             Began as an Octopode Shapeshifter on Nov 14, 2023.
             Was an Initiate of Gozag.
             Mangled by a spatial vortex (27 damage)
             ... in the Dungeon (Sprint III: "The Ten Rune Challenge").
             The game lasted 00:01:10 (461 turns).

rocky1 the Martial Artist (Octopode Shapeshifter)    Turns: 461, Time: 00:01:11

Health: -6/38      AC:  1    Str: 13    XL:     6   Next: 51%
Magic:  6/6        EV: 14    Int: 13    God:    Gozag
Gold:   16         SH:  0    Dex: 13    Spells: 5/5 levels left

rFire   . .          .
                       - Unarmed
rCold   + . .        (no shield)
rNeg    . . .        (helmet currently unavailable)
rPois   .            (no amulet)
rElec   .            (no ring)
rCorr   .            (no ring)
SInv    .            (no ring)
Will    .....        (no ring)
Stlth   ++++         (no ring)
HPRegen 0.26/turn    (no ring)
MPRegen 0.10/turn    (no ring)
                     (no ring)

%: no teleportation
@: beast-form
A: beast (slay +4), almost no armour, amphibious, 8 rings, camouflage 1,
gelatinous body 1, (nimble swimmer 1), tentacles, cold resistance 1
a: Begin Untransformation, Renounce Religion, Potion Petition, Call Merchant,
Bribe Branch


You were in the Dungeon.
You worshipped Gozag.
Gozag was noncommittal.
You were a hulking beast.
You visited 1 branch You collected 16 gold pieces.

Inventory:

Talismans
 b - a beast talisman
 c - a flux talisman
Scrolls
 i - a scroll of blinking
 j - a scroll of fear {unknown}
 k - 3 scrolls of identify {unknown}
 l - a scroll of torment {unknown}
 n - a scroll of immolation {unknown}
Potions
 a - a potion of lignification
 d - a potion of curing
 e - 2 potions of mutation
 f - a potion of haste
 g - 2 potions of magic
 h - a potion of berserk rage
 m - 3 potions of enlightenment
Miscellaneous
 o - a lightning rod (4/4)


   Skills:
 + Level 1.6 Fighting
 + Level 4.0 Dodging
 + Level 4.9 Stealth
 + Level 9.2 Unarmed Combat
 + Level 8.5 Shapeshifting


You had 5 spell levels left.
You didn't know any spells.
Your spell library was empty.

Dungeon Overview and Level Annotations

Branches:
Dungeon (1/1)

Altars:
Cheibriados
Fedhas
Gozag
Hepliaklqana
Makhleb
Nemelex Xobeh
Qazlal
Xom
Jiyva
Lugonu


Innate Abilities, Weirdness & Mutations

You are a hulking beast.
Your limbs bulge with bestial killing power. (Slay +4)
You cannot wear most types of armour.
You are amphibious.
You can wear up to eight rings at the same time.
Your skin changes colour to match your surroundings (Stealth+).
Your rubbery body absorbs attacks. (AC +1, EV +1)
((You are camouflaged when in or above water. (Stealth+)))
You have tentacles for arms and can constrict up to eight enemies at once.
Your flesh is cold resistant. (rC+)


Message History

The jelly is severely wounded.
The jelly closely misses you.
You tentacle-slap the jelly.
You kill the jelly!
Your Dodging skill increases to level 4!
Your Unarmed Combat skill increases to level 9!
There is an open door here.
You start resting.
HP restored.
You open the door.
Found five altars.
A spatial vortex comes into view.
Found a lightning rod (4/4).
Found five altars.
There is an open door here.
There is a snail-covered altar of Cheibriados here.
There is a shimmering altar of Xom here.
There is an opulent altar of Gozag here.
You curl up in front of the altar of Gozag.
Gozag welcomes you!
Gozag waives the service fee.
The spatial vortex misses you.
There is a sparkling altar of Nemelex Xobeh here.
You see here a lightning rod (4/4).
o - a lightning rod (4/4)
You tentacle-slap the spatial vortex.
The spatial vortex is lightly damaged.
The spatial vortex hits you! Space warps around you.
You barely miss the spatial vortex.
The spatial vortex is lightly damaged.
There is an opulent altar of Gozag here.
You barely miss the spatial vortex. You tentacle-slap the spatial vortex!
The spatial vortex is lightly damaged.
You bludgeon the spatial vortex!
The spatial vortex is moderately damaged.
You tentacle-slap the spatial vortex.
The spatial vortex is moderately damaged.
The spatial vortex hits you!!
Ouch! That really hurt!
You die...
Your body crumbles into a pile of gold.

..♣.♣♣ ♣.# .....♣ ♣.#
...♣♣♣ ♣♣.#
...~.♣♣♣..###+#+###+##
..†~♣♣..♣.#..........#
.~~~~..♣♣.'.⌠........#
.~≈≈~~~♣..#...######'#
~~≈~~~....#.⌠.#_v#...#
~≈~~~.....#...#_h#...#
~~~.......#+###__#...#
..........# #__#...+
..........# #__'...#
▓▓▓▓▓▓▓▓▓▓▓ ▓▓▓▓▓▓▓▓


You could see a spatial vortex.

Vanquished Creatures
  A shadow (D)
  A scorpion (D)
  A water elemental (D)
  A jelly (D)
  A human (D)
  4 rats (D)
9 creatures vanquished.

Notes
Turn   | Place    | Note
-------+----------+-------------------------------------------
     0 | D        | rocky1 the Octopode Shapeshifter began the quest for the
                  | Orb.
     0 | D        | Reached XP level 1. HP: 13/13 MP: 1/1
    42 | D        | Reached skill level 1 in Stealth
    42 | D        | Reached skill level 4 in Unarmed Combat
    42 | D        | Reached XP level 2. HP: 11/18 MP: 2/2
    72 | D        | Noticed a scorpion
    83 | D        | Killed a scorpion
    84 | D        | Reached skill level 6 in Unarmed Combat
    84 | D        | Reached skill level 5 in Shapeshifting
    84 | D        | Reached XP level 3. HP: 21/23 MP: 3/3
    84 | D        | Reached XP level 4. HP: 25/28 MP: 4/4
   265 | D        | Gained mutation: You have hidden genetic defects. [potion
                  | of mutation]
   265 | D        | Gained mutation: You have supernaturally acute eyesight.
                  | (SInv) [potion of mutation]
   269 | D        | Lost mutation: You have supernaturally acute eyesight.
                  | (SInv) [potion of mutation]
   269 | D        | Lost mutation: You have hidden genetic defects. [potion of
                  | mutation]
   269 | D        | Gained mutation: Your flesh is cold resistant. (rC+)
                  | [potion of mutation]
   290 | D        | Noticed a water elemental
   297 | D        | Killed a water elemental
   298 | D        | Reached skill level 7 in Unarmed Combat
   298 | D        | Reached XP level 5. HP: 27/33 MP: 5/5
   413 | D        | Noticed a shadow
   420 | D        | Killed a shadow
   421 | D        | Reached skill level 8 in Unarmed Combat
   421 | D        | Reached XP level 6. HP: 34/38 MP: 6/6
   423 | D        | Reached skill level 9 in Unarmed Combat
   448 | D        | Found a blossoming altar of Fedhas.
   448 | D        | Found a stormy altar of Qazlal.
   448 | D        | Found a snail-covered altar of Cheibriados.
   448 | D        | Found a burning altar of Makhleb.
   448 | D        | Found a shimmering altar of Xom.
   449 | D        | Found a hazy altar of Hepliaklqana.
   449 | D        | Found an opulent altar of Gozag.
   449 | D        | Found a sparkling altar of Nemelex Xobeh.
   449 | D        | Found a corrupted altar of Lugonu.
   449 | D        | Found a viscous altar of Jiyva.
   449 | D        | Noticed a spatial vortex
   453 | D        | Became a worshipper of Gozag Ym Sagoz the Greedy
   461 | D        | Mangled by a spatial vortex

Illustrated notes

Levels and vault maps discovered:
D:        dungeon_sprint_mu [sprint_mu_entry_forest, sprint_mu_temple_rooms,
          sprint_mu_d1_spiders, sprint_mu_d2_genie, sprint_mu_d3_branching,
          sprint_mu_orc_legion, sprint_mu_elf_gauntlet, sprint_mu_hive_nellie,
          sprint_mu_lair_fedhas, sprint_mu_vaults_butterflies,
          sprint_mu_slime_circle, sprint_mu_shoals_archi,
          sprint_mu_snake_twists, sprint_mu_blade_basic,
          sprint_mu_crypt_chambers, sprint_mu_tomb_spiral,
          sprint_mu_vestibule_basic, sprint_mu_gehenna_hellfire,
          sprint_mu_dis_giant, sprint_mu_tartarus_statrot,
          sprint_mu_cocytus_islands, sprint_mu_zot1]

Skill      XL: |  1  2  3  4  5  6 |
---------------+-------------------+-----
Stealth        | 1 2 3 4 |  4.9
Unarmed Combat | 4 6 7 8 9 |  9.2
Shapeshifting  | 4 5 6 8 |  8.5
Dodging        | 3 4 |  4.0
Fighting       | |  1.6

Action                     |  1- 3 |  4- 6 || total
---------------------------+-------+-------++-------
  Melee: Unarmed           |    19 |    16 ||    35
         Tentacles         |     4 |     3 ||     7
         Constrict         |     3 |       ||     3
         Punch             |     1 |     1 ||     2
    Use: Potion            |     1 |     2 ||     3
   Stab: Sleeping          |     2 |     1 ||     3
 Armour: Skin              |     7 |     4 ||    11
  Dodge: Dodged            |     7 |     7 ||    14

Table legend: (Time is in decaauts)
 A = Elapsed time spent in this place.
 B = Non-inter-level travel time spent in this place.
 C = Inter-level travel time spent in this place.
 D = Time resting spent in this place.
 E = Time spent auto-exploring this place.
 F = Levels seen in this place.
 G = Mean time per level.
                   A        B        C        D        E       F      G
               +--------+--------+--------+--------+--------+-----+--------+
         Total |    457 |    457 |      0 |    315 |     15 |   1 |  457.0 |
       Dungeon |    457 |    457 |      0 |    315 |     15 |   1 |  457.0 |
               +--------+--------+--------+--------+--------+-----+--------+

Top non-repeatable levels by time:
       D: 457 daAuts
